 Dungeon Crawl Stone Soup version 0.30.1-4-g462c640d31 (webtiles) character file.

Game seed: 16589152622862210178

3399 Diggabert the Basher (level 10, 0/74 HPs)
             Began as a Human Gladiator on Sept 10, 2023.
             Was a Believer of the Shining One.
             Slain by a yak (7 damage)
             ... on level 7 of the Dungeon.
             The game lasted 00:17:06 (8750 turns).

Diggabert the Basher (Human Gladiator)              Turns: 8750, Time: 00:17:06

Health: 0/74       AC: 24    Str: 19    XL:     10   Next: 24%
Magic:  13/13      EV: 10    Int:  8    God:    the Shining One [**....]
Gold:   474        SH:  5    Dex: 15    Spells: 9/9 levels left

rFire   . . .        L - +2 hammer (protect)
rCold   . . .        (no shield)
rNeg    + . .        u - +0 chain mail
rPois   +            c - +0 helmet
rElec   .            K - +0 cloak
rCorr   .            H - +0 pair of gloves
SInv    .            (no boots)
Will    .....        l - amulet of reflection Stlth
                     a - ring of poison resistance
HPRegen 0.32/turn    F - +4 ring of protection
MPRegen 0.13/turn

%: reflection
@: under a protective aura, glowing
A: no striking features
a: Renounce Religion, Divine Shield


You were on level 7 of the Dungeon.
You worshipped the Shining One.
The Shining One was pleased with you.
You visited 2 branches of the dungeon, and saw 9 of its levels.

You collected 474 gold pieces.

Inventory:

Hand Weapons
 f - a +0 sling
 h - a +0 mace of distortion
 B - a +0 trident
 L - a +2 hammer of protection (weapon)
 M - a +0 flail of holy wrath
Missiles
 d - 3 throwing nets (quivered)
 e - a javelin
 r - 6 boomerangs
 C - 12 poisoned darts
Armour
 c - a +0 helmet (worn)
 u - a +0 chain mail (worn)
 H - a +0 pair of gloves (worn)
 K - a +0 cloak (worn)
Jewellery
 a - a ring of poison resistance (left hand)
 l - an amulet of reflection (around neck)
 q - a ring of flight
 E - a ring of protection from cold
 F - a +4 ring of protection (right hand)
Wands
 t - a wand of flame (25)
 R - a wand of roots (7)
Scrolls
 j - a scroll of fog
 k - a scroll of fear {unknown}
 n - a scroll of amnesia {unknown}
 s - a scroll of poison
 x - 3 scrolls of teleportation {unknown}
 y - a scroll of summoning {unknown}
 A - 2 scrolls of immolation
 I - a scroll of vulnerability {unknown}
 J - a scroll of silence {unknown}
 P - 3 scrolls of blinking
Potions
 b - 5 potions of curing
 g - 4 potions of brilliance {unknown}
 i - 3 potions of ambrosia {unknown}
 o - 2 potions of berserk rage {unknown}
 v - a potion of mutation {unknown}
 w - 3 potions of flight {unknown}
 z - 2 potions of invisibility {unknown}
 D - 4 potions of haste
 G - 2 potions of heal wounds
 N - a potion of lignification {unknown}
 O - 2 potions of attraction {unknown}


   Skills:
 * Level 5.3 Fighting
 * Level 9.4 Maces & Flails
 - Level 2.0 Throwing
 * Level 5.8 Armour
 * Level 5.5 Dodging
 * Level 3.8 Shields
 * Level 4.1 Invocations


You had 9 spell levels left.
You didn't know any spells.
Your spell library contained the following spells:

 Spells                   Type           Power      Damage    Failure   Level
 Magic Dart               Conj           0%         1d3       97%         1
 Summon Small Mammal      Summ           0%         N/A       97%         1
 Call Imp                 Summ           0%         N/A       99%         2
 Poisonous Vapours        Pois/Air       0%         N/A       99%         2
 Call Canine Familiar     Summ           0%         N/A       100%        3
 Mephitic Cloud           Conj/Pois/Air  0%         N/A       100%        3
 Summon Guardian Golem    Hex/Summ       0%         N/A       100%        3
 Vhi's Electric Charge    Tloc/Air       0%         N/A       100%        3
 Arcjolt                  Conj/Air       0%         1d10      100%        5
 Freezing Cloud           Conj/Ice/Air   0%         6-21      100%        5
 Maxwell's Capacitive Co  Air            0%         ∞         100%        8


Dungeon Overview and Level Annotations

Branches:
Dungeon (8/15)             Temple (1/1) D:4
   Lair: D:8-11

Altars:
Ashenzari
Cheibriados
Dithmenos
Sif Muna
Trog
Uskayaw
Vehumet
Xom
Zin
The Shining One


Message History

The yak is almost dead.
The yak gores you! x2; The yak gores you but does no damage.
You are too injured to fight recklessly!
You are too injured to fight recklessly!
You are too injured to fight recklessly!
You are too injured to fight recklessly!
You are too injured to fight recklessly!
The yak closely misses you. The yak gores you but does no damage.
The yak attacks as you move away! The yak barely misses you.
The yak attacks as you move away! The yak gores you!
The yak attacks as you move away! The yak closely misses you.
There is a stone staircase leading up here.
The yak gores you!
* * * LOW HITPOINT WARNING * * *
The yak barely misses you.
You climb upwards.
There is a stone staircase leading down here.
You sock the yak!
Your weapon exudes an aura of protection.
The yak is moderately wounded.
You hit the yak but do no damage.
The yak is moderately wounded.
The yak gores you but does no damage. The yak misses you.
You sock the yak!
The yak is heavily wounded.
The yak gores you.
* * * LOW HITPOINT WARNING * * *
The yak gores you.
* * * LOW HITPOINT WARNING * * *
You hit the yak.
The yak is severely wounded.
The yak gores you but does no damage. You block the yak's attack.
You sock the yak!
The yak is almost dead.
The yak gores you but does no damage. The yak gores you!
The Shining One protects you from harm!
You hit the yak but do no damage.
The yak is almost dead.
The yak gores you!
You die...

##....###..####...
#.###..#..## ###.
### ##....# ##
###..# ## #..## ##.
##..## ##.. ###
#...###..# #Y####
#.......##
##@Y.######.....##
#####............##
#.##..)......##...##
#...#######..####..#
#.### ##....# ##..
### #.....## ##.
##..#...# #.
##..###..## #.
##..## ##..# #.


You could see 2 yaks.

Vanquished Creatures
  Pikel (D:4)
  Edmund (D:5)
  A water moccasin (D:5)
  Duvessa (D:5)
  2 sky beasts (D:7)
  2 ogres
  A black bear (D:6)
  3 lemures (D:4)
  3 phantoms
  A kobold brigand (D:8)
  2 bullfrogs (D:8)
  2 scorpions (D:4)
  9 wights
  Dowan (D:5)
  An electric eel (D:6)
  A howler monkey (D:5)
  4 crimson imps (D:4)
  A hound (D:4)
  Crazy Yiuf (D:4)
  4 orc priests
  9 iguanas
  Ijyb (D:5)
  Natasha (thrice) (D:4)
  Terence (D:3)
  6 orc wizards
  A sleepcap (D:6)
  Robin (D:2)
  4 adders
  3 gnolls
  A white imp (D:6)
  2 ufetubi
  4 worms
  2 dart slugs
  24 orcs
  6 ball pythons
  3 bats
  9 endoplasms
  4 giant cockroaches
  12 goblins
  7 hobgoblins
  3 jackals (D:3)
  12 kobolds
  2 quokkas
  4 frilled lizards
  2 rats (D:1)
168 creatures vanquished.

Vanquished Creatures (others)
  A wizard (D:3)
1 creature vanquished.

Grand Total: 169 creatures vanquished

Notes
Turn   | Place    | Note
-------+----------+-------------------------------------------
     0 | D:1      | Diggabert the Human Gladiator began the quest for the Orb.
     0 | D:1      | Reached XP level 1. HP: 16/16 MP: 1/1
    81 | D:1      | Reached XP level 2. HP: 22/22 MP: 2/2
   616 | D:1      | Reached XP level 3. HP: 27/27 MP: 3/3
  1001 | D:1      | Reached XP level 4. HP: 19/33 MP: 4/4
  1064 | D:2      | Reached skill level 4 in Maces & Flails
  1064 | D:2      | Reached skill level 1 in Armour
  1391 | D:2      | Noticed Robin
  1404 | D:2      | Killed Robin
  1405 | D:2      | Reached XP level 5. HP: 22/39 MP: 5/5
  1525 | D:2      | Found a shimmering blue altar of Sif Muna.
  1934 | D:3      | Noticed Terence
  1955 | D:3      | Killed Terence
  2216 | D:3      | Found a bloodstained altar of Trog.
  2219 | D:3      | Noticed a wizard
  2225 | D:3      | Killed a wizard
  2329 | D:3      | Reached skill level 1 in Shields
  2373 | D:3      | Found a faded altar of an unknown god.
  2385 | D:3      | Found a snail-covered altar of Cheibriados.
  2468 | D:3      | Reached XP level 6. HP: 14/46 MP: 6/6
  2737 | D:4      | Found a staircase to the Ecumenical Temple.
  2766 | Temple   | Entered the Ecumenical Temple
  2802 | Temple   | Became a worshipper of the Shining One
  3056 | D:4      | Noticed Natasha
  3059 | D:4      | Killed Natasha
  3060 | D:4      | Reached skill level 5 in Maces & Flails
  3425 | D:4      | Reached XP level 7. HP: 44/52 MP: 7/7
  3472 | D:4      | Noticed Natasha
  3504 | D:4      | Killed Natasha
  3586 | D:4      | Reached skill level 1 in Invocations
  3716 | D:4      | Noticed Pikel
  3740 | D:4      | Killed Pikel
  3741 | D:4      | Reached skill level 6 in Maces & Flails
  3741 | D:4      | Reached XP level 8. HP: 44/58 MP: 7/9
  3792 | D:4      | Found a shimmering altar of Xom.
  4082 | D:4      | Found a runed translucent door.
  4083 | D:4      | Noticed Crazy Yiuf
  4090 | D:4      | Killed Crazy Yiuf
  4188 | D:4      | Found a broken altar of Ashenzari.
  4425 | D:4      | Noticed Natasha
  4433 | D:4      | Killed Natasha
  4457 | D:5      | Entered Level 5 of the Dungeon
  4474 | D:5      | Reached skill level 7 in Maces & Flails
  4503 | D:5      | Found a hide-covered altar of Uskayaw.
  4503 | D:5      | Noticed a +0 hand axe
  4503 | D:5      | Noticed a +0 hand axe
  4503 | D:5      | Reached * piety under the Shining One
  4758 | D:5      | Noticed Dowan
  4760 | D:5      | Noticed Duvessa
  4779 | D:5      | Killed Duvessa
  4780 | D:5      | Reached XP level 9. HP: 48/65 MP: 9/11
  4797 | D:5      | Killed Dowan
  4821 | D:5      | Noticed Edmund
  4852 | D:5      | Killed Edmund
  4985 | D:5      | Found a glowing silver altar of Zin.
  5259 | D:5      | Reached skill level 8 in Maces & Flails
  5401 | D:5      | Noticed Ijyb
  5414 | D:5      | Killed Ijyb
  5423 | D:5      | Reached skill level 5 in Dodging
  6121 | D:6      | Found a radiant altar of Vehumet.
  6672 | D:7      | Reached skill level 5 in Armour
  7491 | D:7      | Reached skill level 5 in Fighting
  7500 | D:7      | Reached ** piety under the Shining One
  7506 | D:7      | Reached XP level 10. HP: 61/74 MP: 12/12
  7516 | D:7      | Reached skill level 9 in Maces & Flails
  8749 | D:7      | The Shining One protects you from harm!
  8750 | D:7      | Slain by a yak

Illustrated notes

Levels and vault maps discovered:
D:1:      saegor_arrival_simple_c, layout_basic
D:2:      layout_basic, basic_altar, uniq_robin
D:3:      layout_rooms, nicolae_overflow_ecumenical_swirl, trog_wizard,
          uniq_terence
D:4:      layout_basic, mainiacjoe_overflow_boulevard, led_xom_imps,
          minmay_temple_entry_statues, minmay_box_of_dots,
          uniq_crazy_yiuf_cottage, uniq_natasha, uniq_pikel
D:5:      layout_basic, dancing_weapons_uskayaw, mainiacjoe_overflow_catwalk,
          uniq_edmund, uniq_duvessa, uniq_ijyb
D:6:      layout_cave_pods, vehumet_crystals, fountainhead,
          kennysheep_generic_room_5
D:7:      dreamdust_elfheim, layout_layer_cave, supply_closet_lemuel
D:8:      layout_layer_cave
Temple:   regret_index_temple_generic_petals

Skill      XL: |  1  2  3  4  5  6  7  8  9 10 |
---------------+-------------------------------+-----
Maces & Flails | 4 5 6 7 8 9 |  9.4
Armour         | 1 2 3 4 5 |  5.8
Shields        | 1 2 3 |  3.8
Fighting       | 3 4 5 |  5.3
Invocations    | 2 3 4 |  4.1
Dodging        | 4 5 |  5.5
Throwing       | |  2.0

Action                     |  1- 3 |  4- 6 |  7- 9 | 10-12 || total
---------------------------+-------+-------+-------+-------++-------
  Melee: Flail             |    91 |   261 |    66 |       ||   418
         Punch             |     1 |     6 |     8 |     2 ||    17
         Mace              |       |       |   303 |   114 ||   417
    Use: Scroll            |       |       |     5 |     3 ||     8
 Armour: Leather armour    |    11 |       |       |       ||    11
         Ring mail         |    12 |    35 |       |       ||    47
         Chain mail        |       |    71 |   194 |    51 ||   316
  Dodge: Dodged            |    65 |    96 |   138 |    36 ||   335
  Block: Other             |    13 |    69 |    66 |    20 ||   168
         Reflection        |     1 |     1 |     1 |       ||     3
